 Dungeon Crawl Stone Soup version 0.26-a0-576-gcfaa98f945 (webtiles) character file.

Game seed: 11217754096783763095

14321 Gargoyl the Fighter (level 12, 0/97 HPs)
             Began as a Gnoll Abyssal Knight on Aug 21, 2020.
             Was a Priest of Lugonu.
             Slain by a swamp worm (8 damage)
             ... on level 3 of the Lair of Beasts on Aug 22, 2020.
             The game lasted 00:19:34 (17544 turns).

Gargoyl the Fighter (Gnoll Abyssal Knight)         Turns: 17544, Time: 00:19:34

Health: 0/97       AC: 26    Str: 18    XL:     12   Next: 15%
Magic:  22/22      EV: 11    Int: 15    God:    Lugonu [***...]
Gold:   254        SH:  0    Dex: 24    Spells: 25/25 levels left

rFire    + . .     SeeInvis .   z - +1 battleaxe (venom)
rCold    . . .     Faith    .   (shield currently unavailable)
rNeg     + . .     Spirit   .   y - +10 plate armour of Hedge Wizardry {Dex+4}
rPois    .         Reflect  .   F - +1 hat
rElec    .         Harm     .   D - +0 cloak
rCorr    .                      (no gloves)
MR       +....                  (no boots)
Stlth    ..........             A - amulet of regeneration
HPRegen  0.66/turn              s - ring of protection from magic
MPRegen  0.18/turn              b - ring "Bior" {rF+ rN+ Dex+4}

@: no status effects
A: distributed training, fangs 1, strong nose
a: Depart the Abyss, Bend Space, Banish, Renounce Religion


You were on level 3 of the Lair of Beasts.
You worshipped Lugonu.
Lugonu was most pleased with you.
You visited 2 branches of the dungeon, and saw 13 of its levels.
You visited the Abyss 2 times.

You collected 982 gold pieces.
You spent 728 gold pieces at shops.

Inventory:

Hand Weapons
 m - a +5 hand axe
 o - a +2 war axe
 u - the +1 scythe "Soell" {holy, MR- Dex+5}
   (You found it on level 10 of the Dungeon)

   It has been blessed by the Shining One to cause great damage to the undead
   and demons.
   It affects your dexterity (+5).
   It affects your resistance to hostile enchantments.
 x - a +0 broad axe
 z - a +1 battleaxe of venom (weapon)
Missiles
 k - 17 boomerangs (quivered)
Armour
 y - the +10 plate armour of Hedge Wizardry (worn) {Dex+4}
   (You found it on level 10 of the Dungeon)

   It affects your dexterity (+4).
 D - a +0 cloak (worn)
 F - a +1 hat (worn)
Jewellery
 b - the ring "Bior" (right hand) {rF+ rN+ Dex+4}
   (You acquired it on level 10 of the Dungeon)

   [ring of protection from fire]

   It affects your dexterity (+4).
   It protects you from fire.
   It protects you from negative energy.
 l - an uncursed ring of protection from cold
 s - a ring of protection from magic (left hand)
 A - an amulet of regeneration (around neck)
Wands
 h - a wand of iceblast (11)
 n - a wand of paralysis (8)
 p - a wand of flame (48)
 E - a wand of digging (5)
Scrolls
 d - 2 scrolls of fog
 e - 4 scrolls of identify
 f - 8 scrolls of teleportation
 j - 4 scrolls of remove curse
 q - 3 scrolls of magic mapping
 r - 4 scrolls of blinking
 w - 3 scrolls of fear
 C - a scroll of enchant armour
Potions
 a - a potion of brilliance
 c - 2 potions of flight
 g - a potion of heal wounds
 i - 2 potions of invisibility
 t - 2 potions of might
 v - a potion of curing
 B - 2 potions of resistance
 G - a potion of haste


   Skills:
 + Level 9.6 Fighting
 + Level 7.0 Short Blades
 + Level 7.0 Long Blades
 + Level 8.4 Axes
 + Level 7.0 Maces & Flails
 + Level 7.0 Polearms
 + Level 7.0 Staves
 + Level 7.0 Slings
 + Level 7.0 Bows
 + Level 7.0 Crossbows
 + Level 7.0 Throwing
 + Level 8.4 Armour
 + Level 7.5 Dodging
 + Level 7.0 Stealth
 + Level 7.0 Shields
 + Level 7.0 Unarmed Combat
 + Level 7.0 Spellcasting
 + Level 5.8 Conjurations
 + Level 5.8 Hexes
 + Level 5.8 Summonings
 + Level 5.8 Necromancy
 + Level 5.8 Translocations
 + Level 5.8 Transmutations
 + Level 5.8 Fire Magic
 + Level 5.8 Ice Magic
 + Level 5.8 Air Magic
 + Level 5.8 Earth Magic
 + Level 5.8 Poison Magic
 + Level 9.0 Invocations
 + Level 7.0 Evocations


You had 25 spell levels left.
You didn't know any spells.
Your spell library contained the following spells:

 Spells                   Type           Power        Failure   Level
 Magic Dart               Conj           ###.         30%         1
 Sandblast                Erth           ###...       30%         1
 Blink                    Tloc           N/A          43%         2
 Call Imp                 Summ           ###.....     43%         2
 Passwall                 Tmut/Erth      ###.....     43%         2
 Slow                     Hex            ###.....     43%         2
 Confusing Touch          Hex            ###.....     67%         3
 Conjure Flame            Conj/Fire      ###.....     67%         3
 Gell's Gravitas          Tloc           ###.......   67%         3
 Mephitic Cloud           Conj/Pois/Air  ###.....     67%         3
 Portal Projectile        Hex/Tloc       ###...       67%         3
 Stone Arrow              Conj/Erth      ###...       67%         3
 Olgreb's Toxic Radiance  Pois           ###.....     97%         4
 Petrify                  Tmut/Erth      ###.....     97%         4
 Bolt of Magma            Conj/Fire/Erth ###.......   100%        5
 Iskenderun's Battlesphe  Conj           ###.....     100%        5
 Lee's Rapid Deconstruct  Erth           ###.......   100%        5
 Metabolic Englaciation   Hex/Ice        ###.......   100%        5
 Yara's Violent Unravell  Hex/Tmut       ###.......   100%        5
 Eringya's Noxious Bog    Tmut/Pois      ###.......   100%        6
 Iron Shot                Conj/Erth      ###.......   100%        6
 Malign Gateway           Summ/Tloc      ###.......   100%        7
 Orb of Destruction       Conj           ###.......   100%        7
 Spellforged Servitor     Conj/Summ      ###.......   100%        7


Dungeon Overview and Level Annotations

Branches:
Dungeon (10/15)            Temple (0/1) D:4            Lair (3/6) D:10
  Swamp: Lair:2-4    Shoals: Lair:2-4     Snake: Lair:2-4    Spider: Lair:2-4
    Orc: D:9-12

Altars:
Cheibriados
Dithmenos
Fedhas
Gozag
Hepliaklqana
Kikubaaqudgha
Nemelex Xobeh
Okawaru
Ru
Trog
Vehumet
Wu Jian
The Shining One
Lugonu

Shops:
D:5 =   D:7 *   D:10 [?


Innate Abilities, Weirdness & Mutations

Your experience applies equally to all skills.
You have very sharp teeth.
Your uncanny sense of smell can sniff out nearby items.


Message History

The swamp worm looks as sick as possible!
You hit the swamp worm.
The swamp worm bites you but does no damage.
The swamp worm bites you!
* * * LOW HITPOINT WARNING * * *
The swamp worm bites you but does no damage.
You slash the swamp worm!
The swamp worm looks as sick as possible!
The swamp worm is almost dead.
You hit the swamp worm.
The swamp worm looks as sick as possible!
You hit the swamp worm.
The swamp worm looks as sick as possible!
The swamp worm bites you!
* * * LOW HITPOINT WARNING * * *
The swamp worm bites you but does no damage.
The swamp worm barely misses you.
The swamp worm bites you but does no damage.
The swamp worm misses you. The swamp worm bites you!
You die...

#....#..≈≈#≈≈∆
#≈≈#.....# #.....#.≈≈##≈
##≈≈.#....#
......#.≈≈≈#≈≈
#≈≈≈.##.#.#
≈≈##≈##≈≈..P#.#+.#
#≈≈≈P≈≈≈...........
.≈≈≈≈≈≈≈............
..≈≈≈≈≈.........<...
.######.w.##....##
#.w@w.#.#..#.P
.....##........!$. ....
##...#...... ...
#.....#... .. #.........
#..... .......#....#....
.....##.......#.....##.#
......##.##..#.#...## ..
#.....#..#.#.##......


You could see 3 swamp worms.

Vanquished Creatures
  A black mamba (Lair:1)
  Joseph (D:8)
  3 cane toads (Lair:1)
  A gargoyle (D:10)
  A komodo dragon (Lair:2)
  A troll (D:10)
  2 hippogriffs
  10 blink frogs
  A meliai zombie (D:8)
  5 yaks (Lair:1)
  Grum (D:9)
  A warg (Lair:2)
  A swamp worm (Lair:3)
  A porcupine (Lair:1)
  4 water moccasins
  2 orc warriors
  2 phantoms
  A black bear (D:8)
  2 ice beasts
  6 sky beasts
  A necrophage (D:10)
  An ogre (D:10)
  11 wolves
  4 centaurs
  3 crocodiles (Lair:1)
  A big kobold (D:9)
  13 bullfrogs
  4 scorpions
  3 wights (D:7)
  5 howler monkeys
  A quasit (Abyss:1)
  2 bullfrog zombies
  2 orc priests (D:4)
  12 hounds
  2 bullfrog skeletons (D:10)
  2 centaur skeletons
  Natasha (twice) (D:4)
  3 iguanas
  11 orc wizards
  10 worker ants
  2 hound zombies
  A hound skeleton (D:7)
  A howler monkey zombie (D:7)
  3 gnolls (D:3)
  6 adders
  5 white imps
  An ufetubus (D:7)
  An ooze (D:2)
  An adder skeleton (D:6)
  2 worms
  3 dart slugs (D:1)
  6 leopard geckos
  29 orcs
  2 ball pythons
  7 bats
  5 giant cockroaches
  8 goblins
  12 hobgoblins
  10 jackals
  7 quokkas
  5 frilled lizards
  15 kobolds
  2 leopard gecko skeletons
  A quokka skeleton (D:4)
  2 rats
277 creatures vanquished.

Vanquished Creatures (others)
  A two-headed ogre (D:10)
  A cyclops (D:9)
  A komodo dragon (D:10)
  5 fungi
  31 plants
39 creatures vanquished.

Grand Total: 316 creatures vanquished

Notes
Turn   | Place    | Note
-------+----------+-------------------------------------------
     0 | Abyss:1  | Gargoyl the Gnoll Abyssal Knight began the quest for the
                  | Orb.
     0 | Abyss:1  | Reached XP level 1. HP: 23/23 MP: 3/3
    49 | Abyss:1  | Reached XP level 2. HP: 15/29 MP: 5/5
    54 | Abyss:1  | Noticed a large abomination
    58 | Abyss:1  | Noticed an ancient zyme
    87 | Abyss:1  | Noticed a shadow
    90 | Abyss:1  | Noticed a smoke demon
   228 | Abyss:1  | Noticed a small abomination
   237 | D:1      | Escaped the Abyss
   579 | D:1      | Reached * piety under Lugonu
   593 | D:1      | Reached XP level 3. HP: 28/35 MP: 6/6
  1258 | D:2      | Noticed a centaur
  1273 | D:2      | Killed a centaur
  1273 | D:2      | Reached skill level 1 in Short Blades
  1273 | D:2      | Reached skill level 1 in Long Blades
  1273 | D:2      | Reached skill level 1 in Maces & Flails
  1273 | D:2      | Reached skill level 1 in Polearms
  1273 | D:2      | Reached skill level 1 in Staves
  1273 | D:2      | Reached skill level 1 in Slings
  1273 | D:2      | Reached skill level 1 in Bows
  1273 | D:2      | Reached skill level 1 in Crossbows
  1273 | D:2      | Reached skill level 1 in Throwing
  1273 | D:2      | Reached skill level 1 in Stealth
  1273 | D:2      | Reached skill level 1 in Shields
  1273 | D:2      | Reached skill level 1 in Unarmed Combat
  1273 | D:2      | Reached skill level 1 in Spellcasting
  1273 | D:2      | Reached skill level 1 in Conjurations
  1273 | D:2      | Reached skill level 1 in Hexes
  1273 | D:2      | Reached skill level 1 in Summonings
  1273 | D:2      | Reached skill level 1 in Necromancy
  1273 | D:2      | Reached skill level 1 in Translocations
  1273 | D:2      | Reached skill level 1 in Transmutations
  1273 | D:2      | Reached skill level 1 in Fire Magic
  1273 | D:2      | Reached skill level 1 in Ice Magic
  1273 | D:2      | Reached skill level 1 in Air Magic
  1273 | D:2      | Reached skill level 1 in Earth Magic
  1273 | D:2      | Reached skill level 1 in Poison Magic
  1273 | D:2      | Reached skill level 1 in Evocations
  1273 | D:2      | Reached XP level 4. HP: 14/41 MP: 7/7
  1273 | D:2      | Reached XP level 5. HP: 16/47 MP: 8/8
  1776 | D:2      | Found a sacrificial altar of Ru.
  1878 | D:2      | Reached ** piety under Lugonu
  2347 | D:3      | Noticed an ice beast
  2359 | D:2      | Killed an ice beast
  2359 | D:2      | Reached skill level 5 in Invocations
  2359 | D:2      | Reached XP level 6. HP: 35/53 MP: 9/9
  2482 | D:3      | Reached skill level 5 in Axes
  2482 | D:3      | Reached skill level 5 in Armour
  2662 | D:3      | Found a snail-covered altar of Cheibriados.
  3221 | D:4      | Reached *** piety under Lugonu
  3960 | D:4      | Reached XP level 7. HP: 41/59 MP: 10/10
  4330 | D:4      | Noticed Natasha
  4340 | D:4      | Killed Natasha
  4643 | D:4      | Found a staircase to the Ecumenical Temple.
  4948 | D:4      | Reached XP level 8. HP: 20/67 MP: 12/12
  5423 | D:4      | Noticed Natasha
  5433 | D:4      | Killed Natasha
  5498 | D:4      | Found a glowing golden altar of the Shining One.
  5693 | D:5      | Entered Level 5 of the Dungeon
  5729 | D:5      | Found a radiant altar of Vehumet.
  6082 | D:5      | Found Ucogeeva's Jewellery Shop.
  6253 | D:5      | Found a hazy altar of Hepliaklqana.
  6256 | D:5      | Found a shadowy altar of Dithmenos.
  6259 | D:5      | Found a sparkling altar of Nemelex Xobeh.
  6262 | D:5      | Found a bloodstained altar of Trog.
  6554 | D:5      | Found a blossoming altar of Fedhas.
  6979 | D:6      | Found a blossoming altar of Fedhas.
  7157 | D:6      | Reached **** piety under Lugonu
  7515 | D:6      | Reached XP level 9. HP: 46/72 MP: 14/14
  8176 | D:6      | Found an iron altar of Okawaru.
  8354 | D:6      | Found an opulent altar of Gozag.
  9139 | D:7      | HP: 2/74 [poisoned by a scorpion]
  9559 | D:7      | Reached skill level 5 in Dodging
 10090 | D:7      | Found Gozag's Platinum Reserve.
 10167 | D:7      | Found an ancient bone altar of Kikubaaqudgha.
 10201 | D:7      | Found an opulent altar of Gozag.
 10501 | D:8      | Found an ornate altar of the Wu Jian Council.
 10699 | D:8      | Reached ***** piety under Lugonu
 11108 | D:8      | Noticed Joseph
 11133 | D:8      | Killed Joseph
 11133 | D:8      | Reached XP level 10. HP: 39/80 MP: 17/17
 11343 | D:8      | Reached skill level 5 in Short Blades
 11343 | D:8      | Reached skill level 5 in Long Blades
 11343 | D:8      | Reached skill level 5 in Maces & Flails
 11343 | D:8      | Reached skill level 5 in Polearms
 11343 | D:8      | Reached skill level 5 in Staves
 11343 | D:8      | Reached skill level 5 in Slings
 11343 | D:8      | Reached skill level 5 in Bows
 11343 | D:8      | Reached skill level 5 in Crossbows
 11343 | D:8      | Reached skill level 5 in Throwing
 11343 | D:8      | Reached skill level 5 in Stealth
 11343 | D:8      | Reached skill level 5 in Shields
 11343 | D:8      | Reached skill level 5 in Unarmed Combat
 11343 | D:8      | Reached skill level 5 in Spellcasting
 11343 | D:8      | Reached skill level 5 in Evocations
 11728 | D:8      | Found an opulent altar of Gozag.
 11789 | D:9      | Found a corrupted altar of Lugonu.
 11790 | D:9      | Noticed a rust devil
 11790 | D:9      | Noticed an orange demon
 11911 | D:9      | Noticed a cyclops
 11925 | D:9      | Banished a cyclops
 12421 | D:9      | Noticed Grum
 12437 | D:9      | Killed Grum
 12867 | D:9      | Identified the Compendium of Nocuous Translocation
 13046 | D:10     | Entered Level 10 of the Dungeon
 13067 | D:10     | Got a crude scythe
 13073 | D:10     | Identified the cursed +1 scythe "Soell" {holy, MR- Dex+5}
                  | (You found it on level 10 of the Dungeon)
 13296 | D:10     | Found Burghanya's Magic Scroll Shop.
 13299 | D:10     | Bought a scroll of blinking for 97 gold pieces
 13299 | D:10     | Bought a scroll of teleportation for 39 gold pieces
 13299 | D:10     | Bought a scroll of fear for 45 gold pieces
 13299 | D:10     | Bought a scroll of blinking for 97 gold pieces
 13355 | D:10     | Found Wauklif's Armour Shoppe.
 13362 | D:10     | Got a fine plate armour
 13585 | D:10     | Identified the +10 plate armour of Hedge Wizardry {Dex+4}
                  | (You found it on level 10 of the Dungeon)
 13822 | D:10     | Found a staircase to the Lair.
 13849 | D:10     | HP: 4/82 [komodo dragon (17)]
 14207 | D:10     | Got a jewelled scale mail
 14208 | D:10     | Identified the +4 scale mail of Ulall {MR+ rCorr Int+2
                  | Dex-4} (You found it on level 10 of the Dungeon)
 14415 | D:10     | Reached XP level 11. HP: 68/87 MP: 19/19
 14466 | D:10     | Noticed a two-headed ogre
 14690 | D:10     | Escaped the Abyss
 14691 | D:10     | Banished a two-headed ogre
 14700 | D:10     | Reached skill level 5 in Conjurations
 14700 | D:10     | Reached skill level 5 in Hexes
 14700 | D:10     | Reached skill level 5 in Summonings
 14700 | D:10     | Reached skill level 5 in Necromancy
 14700 | D:10     | Reached skill level 5 in Translocations
 14700 | D:10     | Reached skill level 5 in Transmutations
 14700 | D:10     | Reached skill level 5 in Fire Magic
 14700 | D:10     | Reached skill level 5 in Ice Magic
 14700 | D:10     | Reached skill level 5 in Air Magic
 14700 | D:10     | Reached skill level 5 in Earth Magic
 14700 | D:10     | Reached skill level 5 in Poison Magic
 15070 | Lair:1   | Entered Level 1 of the Lair of Beasts
 15071 | Lair:1   | Identified 3 scrolls of acquirement
 15071 | Lair:1   | Acquired a +1 battleaxe of venom
 15079 | D:10     | Acquired 270 gold pieces
 15082 | D:10     | Acquired the ring "Bior" {rF+ rN+ Dex+4}
 15232 | D:5      | Bought an uncursed amulet of regeneration for 450 gold
                  | pieces
 15522 | Lair:1   | Upgraded the game from 0.26-a0-572-g753d7e3450 to
                  | 0.26-a0-576-gcfaa98f945
 16788 | Lair:2   | Noticed a six-headed hydra
 16797 | Lair:1   | Banished a six-headed hydra
 16797 | Lair:1   | Reached XP level 12. HP: 79/96 MP: 22/22
 17544 | Lair:3   | Slain by a swamp worm

Illustrated notes

Levels and vault maps discovered:
D:1:      evilmike_arrival_crescent, layout_rooms, amethyst_killhole,
          minmay_pentomino_r2
D:2:      layout_loops_corners, nicolae_overflow_crystal_walls
D:3:      layout_rooms, cheibriados_altar_1
D:4:      layout_loops_corners, tso_altar, minmay_temple_entry_sparse_star,
          uniq_natasha
D:5:      layout_basic, grunt_temple_overflow_cloverleaf, fiery_altar_vehumet,
          marbit_many_paths, serial_shops, nicolae_shop_stone
D:6:      layout_layer_cave, lemuel_doored_altar, kennysheep_minor_cross,
          minmay_misc_feat_square, hangedman_feature_mirror
D:7:      layout_cave_pods, old_standard_altar, chequers_serial_rivers_micro_c,
          nicolae_gozag_zags_fifth_avenue
D:8:      layout_loops_ring, kennysheep_little_box, old_standard_altar,
          uniq_joseph
D:9:      layout_basic, lemuel_hellish_altar, uniq_grum
D:10:     layout_small_grid, david_lair_shrubbed, serial_shops,
          nicolae_shop_window_shopping, nicolae_shop_crystal,
          minmay_variable_closet, kennysheep_kite_vault
Lair:1:   layout_regular_city, serial_bayou_lake_a
Lair:2:   beast_lair_carwin_large_1, layout_hall_layers,
          chequers_serial_rivers_micro_e, grunt_megastairs_3
Lair:3:   layout_regular_city, palyth_hydra_swamp_entry, worms_lemuel,
          infiniplex_staircase_pool_2

Skill      XL: |  1  2  3  4  5  6  7  8  9 10 11 12 |
---------------+-------------------------------------+-----
Short Blades   | 1 2 3 4 5 6 7 |  7.0
Long Blades    | 1 2 3 4 5 6 7 |  7.0
Maces & Flails | 1 2 3 4 5 6 7 |  7.0
Polearms       | 1 2 3 4 5 6 7 |  7.0
Staves         | 1 2 3 4 5 6 7 |  7.0
Slings         | 1 2 3 4 5 6 7 |  7.0
Bows           | 1 2 3 4 5 6 7 |  7.0
Crossbows      | 1 2 3 4 5 6 7 |  7.0
Throwing       | 1 2 3 4 5 6 7 |  7.0
Stealth        | 1 2 3 4 5 6 7 |  7.0
Shields        | 1 2 3 4 5 6 7 |  7.0
Unarmed Combat | 1 2 3 4 5 6 7 |  7.0
Spellcasting   | 1 2 3 4 5 6 7 |  7.0
Conjurations   | 1 2 3 4 5 |  5.8
Hexes          | 1 2 3 4 5 |  5.8
Summonings     | 1 2 3 4 5 |  5.8
Necromancy     | 1 2 3 4 5 |  5.8
Translocations | 1 2 3 4 5 |  5.8
Transmutations | 1 2 3 4 5 |  5.8
Fire Magic     | 1 2 3 4 5 |  5.8
Ice Magic      | 1 2 3 4 5 |  5.8
Air Magic      | 1 2 3 4 5 |  5.8
Earth Magic    | 1 2 3 4 5 |  5.8
Poison Magic   | 1 2 3 4 5 |  5.8
Evocations     | 1 2 3 4 5 6 7 |  7.0
Dodging        | 3 4 5 6 7 |  7.5
Invocations    | 5 6 7 8 9 |  9.0
Axes           | 5 6 7 8 |  8.4
Armour         | 5 6 7 8 |  8.4
Fighting       | 7 8 9 |  9.6

Action                   |  1- 3 |  4- 6 |  7- 9 | 10-12 || total
-------------------------+-------+-------+-------+-------++-------
Melee: Hand axe          |    73 |   229 |   603 |   242 ||  1147
       Bite              |     3 |    31 |    78 |    64 ||   176
       Punch             |       |       |     6 |     7 ||    13
       Scythe            |       |       |       |    12 ||    12
       Battleaxe         |       |       |       |   172 ||   172
Throw: Boomerang         |       |       |    15 |     8 ||    23
Invok: Depart the Abyss  |     1 |       |       |     1 ||     2
       Banish            |       |       |       |     5 ||     5
       Enter the Abyss   |       |       |       |     1 ||     1
Evoke: Wand              |       |       |     1 |     2 ||     3
  Use: Scroll            |     4 |     7 |     8 |     9 ||    28
       Potion            |     2 |     1 |     6 |     1 ||    10
 Stab: Distracted        |       |       |     1 |       ||     1
Armor: Chain mail        |    34 |       |       |       ||    34
       Plate armour      |    33 |   211 |   483 |   350 ||  1077
Dodge: Dodged            |    34 |    87 |   249 |   266 ||   636

Table legend: (Time is in decaauts)
 A = Elapsed time spent in this place.
 B = Non-inter-level travel time spent in this place.
 C = Inter-level travel time spent in this place.
 D = Time resting spent in this place.
 E = Time spent auto-exploring this place.
 F = Levels seen in this place.
 G = Mean time per level.
                   A        B        C        D        E       F      G
               +--------+--------+--------+--------+--------+-----+--------+
         Total |  17669 |  17046 |    623 |   5436 |   8609 |  15 | 1177.9 |
       Dungeon |  14996 |  14412 |    584 |   4792 |   7164 |  10 | 1499.6 |
          Lair |   2246 |   2207 |     39 |    466 |   1264 |   3 |  748.7 |
         Abyss |    426 |    426 |      0 |    178 |    180 |   2 |  213.0 |
               +--------+--------+--------+--------+--------+-----+--------+

Top non-repeatable levels by time:
     D:6: 2146 daAuts
     D:4: 1992 daAuts
    D:10: 1928 daAuts
     D:7: 1711 daAuts
  Lair:1: 1363 daAuts
     D:8: 1352 daAuts
     D:2: 1342 daAuts
     D:9: 1292 daAuts
     D:3: 1276 daAuts
     D:5: 1057 daAuts
     D:1: 897 daAuts
  Lair:2: 751 daAuts
 Abyss:1: 426 daAuts
  Lair:3: 132 daAuts
